Cogmind - Beta 17 @@@ ROGUE MODE // 2026.08.02 @ 18:52:36 Player: Afro Result: Destroyed by UI-137(R) with Subdweller Machine Gun Performance ------------- Evolutions (0) 0 Regions Visited (2) 400 Robots Destroyed (22) 110 Value Destroyed (411) 411 Prototype IDs (0) 0 Alien Tech Used (0) 0 Bonus (0) 0 TOTAL SCORE: 921 Bonus ------- None Cogmind --------- Core Integrity 0/250 Matter 267/300 Energy 99/100 System Corruption 0% Temperature Cool (0) Movement Core (50) Location -10/Subcaves Parts ------- > --- POWER (1) -------- (None) > --- PROPULSION (2) --- (None) > --- UTILITY (2) ------ Structural Scanner > --- WEAPON (2) ------- (None) > --- INVENTORY (5) ---- Ion Engine Light Treads Aluminum Leg Battle Rifle Battle Rifle Peak State ------------ > --- POWER ------------ Subdweller Power Source > --- PROPULSION ------- Light Treads Light Treads > --- UTILITY ---------- Small Storage Unit Light Armor Plating > --- WEAPON ----------- Subdweller Laser Makeshift Sword > --- INVENTORY -------- Ion Engine Light Treads Aluminum Leg Structural Scanner Tractor Beam Battle Rifle Battle Rifle Subdweller Machine Gun [Rating: 13] Favorites ----------- Power Light Ion Engine Engine Light Ion Engine Propulsion Light Treads Treads Light Treads Leg Aluminum Leg Utility Small Storage Unit Device Seismic Detector Storage Small Storage Unit Processor Signal Interpreter Protection Light Armor Plating Weapon Light Cannon Energy Gun Medium Laser Ballistic Gun Light Assault Rifle Ballistic Cannon Light Cannon Special Weapon Mining Laser Slashing Weapon Makeshift Sword Build | -11 -10 -10 ------- Run | Yrd Mat Sub Slots Evolved . | . . . Power . | . . . Propulsion . | . . . Utility . | . . . Weapon . | . . . Parts Attached 29 | 7 16 6 Power 5 | 1 3 1 Engine 5 | 1 3 1 Core . | . . . Reactor . | . . . Propulsion 6 | 2 4 . Treads 4 | 2 2 . Leg 2 | . 2 . Wheel . | . . . Hover . | . . . Flight . | . . . Utility 6 | 2 3 1 Device 2 | 1 . 1 Storage 1 | 1 . . Processor 2 | . 2 . Hackware . | . . . Protection 1 | . 1 . Artifact . | . . . Weapon 12 | 2 6 4 Energy Gun 3 | 1 1 1 Energy Cannon . | . . . Ballistic Gun 5 | 1 2 2 Ballistic Cannon 2 | . 2 . Launcher . | . . . Special Weapon 1 | . 1 . Impact Weapon . | . . . Slashing Weapon 1 | . . 1 Piercing Weapon . | . . . Special Melee Weapon . | . . . Unidentified Prototypes . | . . . Parts Lost 6 | . 1 5 Power 2 | . 1 1 Propulsion 1 | . . 1 Utility 1 | . . 1 Weapon 2 | . . 2 Highest Loss Streak 5 | . 1 5 To Critical Strikes . | . . . Average Backups 7 | 2 7 7 Power . | . . 1 Propulsion 2 | 1 2 2 Utility 1 | . 1 2 Weapon 2 | . 2 2 Tool/Special . | . . . Unused Backups 9 | . 4 5 Power 3 | . 2 1 Propulsion 2 | . 1 1 Utility 1 | . . 1 Weapon 3 | . 1 2 Tool/Special . | . . . Average Slot Usage (%) 97 | . 99 89 Engine 13 | . 14 12 Treads 22 | . 21 24 Leg 5 | . 6 . Device 1 | . 1 1 Storage 13 | . 14 12 Processor 11 | . 11 9 Protection 1 | . . 2 Energy Gun 3 | . 3 5 Ballistic Gun 10 | . 10 10 Ballistic Cannon 11 | . 12 7 Special Weapon 1 | . 1 . Peak Build Rating 13 | 7 8 13 Average Rating 7 | 5 7 8 On Entrance 4 | . 7 7 Avg Prop Armor Cover (%) 6 | . 6 . Naked Turns . | . . . Heaviest Build 21 | 11 16 21 Greatest Support 40 | 40 40 40 Greatest Overweight (x) 2 | . . 2 Average Overweight (x) . | . . . Largest Inventory Capacity 8 | 8 8 8 Average Capacity 7 | 7 8 7 Most Carried 8 | 4 8 8 Average Carried 7 | 2 7 7 Final Capacity 8 | 8 8 5 Final Carried 8 | 4 8 5 Class Distribution -------------------- 100% | Mutant Dominant Class ---------------- Mutant | -10/Materials Mutant | -10/Subcaves Resources | -11 -10 -10 ----------- Run | Yrd Mat Sub Matter Collected 666 | 287 189 190 Remotely . | . . . Salvage Created 621 | 160 388 73 Parts 39 | 11 21 7 Haulers Intercepted 1 | . 1 . Recyclers Shooed 2 | . 2 . Parts Field Recycled . | . . . Retrieved Matter . | . . . Parts Self-Destructed 4 | . . 4 Prevented . | . . . Parts Restored . | . . . Kills | -11 -10 -10 ------- Run | Yrd Mat Sub Combat Hostiles Destroyed 13 | . 11 2 Guns 11 | . 9 2 Cannons 2 | . 2 . Classes Destroyed 9 | 3 5 1 Worker 1 | 1 . . Tunneler 3 | 3 . . Hauler 1 | . 1 . Recycler 1 | 1 . . Operator 1 | . 1 . Watcher 2 | . 2 . Swarmer 6 | . 6 . Grunt 5 | . 5 . Subdweller 2 | . . 2 Best Kill Streak 5 | 2 5 1 Combat Bots Only 5 | . 5 1 Max Kills in Single Turn 1 | 1 1 1 Gunslinging . | . . . Exploded . | . . . Melee . | . . . Uniques/NPCs Destroyed . | . . . Combat | -11 -10 -10 -------- Run | Yrd Mat Sub Hostile Shots Fired 107 | . 59 48 Missed 29 | . 12 17 Hits 78 | . 47 31 Projectile 78 | . 47 31 Damage Taken 1208 | . 501 707 Core 252 | . 76 176 Absorbed by Shields . | . . . Core Remaining (%) 100 | 100 . . Volleys Fired 74 | 17 45 12 Largest 2 | 2 2 2 Hottest 100 | 60 100 100 Shots Fired 134 | 26 85 23 Gun 112 | 26 67 19 Cannon 16 | . 13 3 Launcher . | . . . Special 6 | . 5 1 Kinetic 81 | 17 50 14 Thermal 53 | 9 35 9 Explosive . | . . . Electromagnetic . | . . . Robot Hit Streak 10 | 6 10 9 Robot Miss Streak 3 | 2 3 2 Penetration Max . | . . . Secondary Targets 2 | . 2 . Max Gunslinging Chain 1 | . 1 . Shots Hit Robots 79 | 15 49 15 Core Hits 35 | 8 23 4 Critical Kills . | . . . Critical Parts Destroyed . | . . . Critical Strikes 3 | . 3 . Burn 3 | . 3 . Melee Attacks 4 | . . 4 Impact . | . . . Slashing 4 | . . 4 Piercing . | . . . Sneak Attacks . | . . . Combat Hostiles . | . . . Follow-up Attacks . | . . . Damage Inflicted 1013 | 125 595 293 Guns 845 | 125 443 277 Cannons 153 | . 137 16 Explosions . | . . . Melee . | . . . Ramming 15 | . 15 . Kinetic 543 | 73 315 155 Thermal 455 | 52 265 138 Explosive . | . . . Electromagnetic . | . . . Impact . | . . . Slashing . | . . . Piercing . | . . . Highest Corruption . | . . . Average Corruption . | . . . Corruption Purged . | . . . Corruption Blocked . | . . . Overload Shots . | . . . Overflow Damage . | . . . Projectiles . | . . . Explosions . | . . . Melee . | . . . Knockbacks 5 | . 4 1 Impact . | . . . Kinetic 5 | . 4 1 Secondary . | . . . Self-Inflicted Damage . | . . . Shots . | . . . Rammed 3 | . 3 . Targets Rammed 5 | . 5 . Kicked 2 | . 2 . Crushed . | . . . Highest Temperature 216 | 20 216 . Average Temperature 53 | 14 58 . Received Heat Transfer 234 | . 141 93 Siege Activations . | . . . Martial Activations . | . . . Shielding Activations . | . . . Robots Disrupted . | . . . Combat Hostiles . | . . . Robots Corrupted . | . . . Combat Hostiles . | . . . Parts Fried . | . . . Impact Corruptions . | . . . Robots Melted . | . . . Combat Hostiles . | . . . Parts Melted . | . . . Heat Transferred 1287 | 125 987 175 Parts Sabotaged . | . . . Parts Stolen . | . . . Parts Stripped . | . . . Power Chain Reactions . | . . . Alert | -11 -10 -10 ------- Run | Yrd Mat Sub Maximum Alert Level . | . . . Low Security (%) 100 | 100 100 . Level 1 . | . . . Level 2 . | . . . Level 3 . | . . . Level 4 . | . . . Level 5 . | . . . High Security . | . . . Max Security . | . . . Peak Influence 129 | 5 129 . Initial . | . . . Average 20 | 1 23 . Influence Increases 427 | 25 402 . Destroy 0b10 Robot/C 220 | . 220 . Destroy 0b10 Robot/NC 45 | 25 20 . Destroy Leader 56 | . 56 . Successful Hack 40 | . 40 . Disable Machine 15 | . 15 . Destroy Structure 6 | . 6 . Lose Combat Pursuer 45 | . 45 . Influence Decreases 427 | 25 392 10 Entered New Map 6 | . . 6 Time Decay 411 | 25 382 4 Lost Part 10 | . 10 . Squads Dispatched 2 | . 2 . Investigation . | . . . Extermination . | . . . Reinforcement 2 | . 2 . Assault . | . . . Garrison . | . . . Intercept . | . . . Searches Triggered . | . . . Construction Impeded . | . . . Haulers Reinforced . | . . . Active Scanning Responses . | . . . Cargo Convoy Interrupts . | . . . Stealth | -11 -10 -10 --------- Run | Yrd Mat Sub Distress Signals 1 | . 1 . Communications Jammed . | . . . Distress Signals . | . . . Times Spotted 33 | . 25 8 Peak Tracking Total 5 | . 4 5 Tactical Retreats 2 | . 2 . Traps | -11 -10 -10 ------- Run | Yrd Mat Sub Traps Triggered 2 | . 1 1 Indirectly . | . . . Trap Hack Attempts . | . . . Triggered . | . . . Disarmed . | . . . Reprogrammed . | . . . Reused . | . . . Traps Extracted . | . . . Installed . | . . . Triggered . | . . . Machines | -11 -10 -10 ---------- Run | Yrd Mat Sub Machines Disabled 1 | . 1 . Max in Single Turn 1 | . 1 . Machines Repaired . | . . . Machines Dismantled . | . . . Machines Sabotaged . | . . . Overloaded Fab Kills . | . . . Hacking | -11 -10 -10 --------- Run | Yrd Mat Sub Machines Accessed 5 | . 5 . Terminals 5 | . 5 . Fabricators . | . . . Repair Stations . | . . . Recycling Units . | . . . Scanalyzers . | . . . Garrison Access . | . . . Total Hacks 14 | . 14 . Successful 6 | . 6 . Failed 8 | . 8 . Catastrophic 1 | . 1 . Database Lockouts . | . . . Manual 16 | . 16 . Terminals 14 | . 14 . Fabricators . | . . . Repair Stations . | . . . Recycling Units . | . . . Scanalyzers . | . . . Garrison Access . | . . . Terminal Hacks 1 | . 1 . Robot Analysis 1 | . 1 . Fabricator Hacks . | . . . Repair Station Hacks . | . . . Recycling Unit Hacks . | . . . Scanalyzer . | . . . Garrison Access Hacks . | . . . Unauthorized Hacks 5 | . 5 . Terminals 5 | . 5 . Track 1 | . 1 . Assimilate 3 | . 3 . Operators 1 | . 1 . Fabricators . | . . . Repair Stations . | . . . Recycling Units . | . . . Scanalyzers . | . . . Garrison Access . | . . . Data Cores Recovered . | . . . Used . | . . . Hacking Detections 5 | . 5 . Full Trace Events 2 | . 2 . Feedback Events . | . . . Feedback Blocked . | . . . Robot Schematics Acquired . | . . . Robots Built . | . . . Authchips . | . . . Time . | . . . Total Robot Build Rating . | . . . Part Schematics Acquired . | . . . Parts Built . | . . . Authchips . | . . . Time . | . . . Total Part Build Rating . | . . . Part Studies Acquired . | . . . Parts Repaired . | . . . Time . | . . . Parts Recycled . | . . . Recycled Matter . | . . . Retrieved Matter . | . . . Retrieved Components . | . . . Parts Scanalyzed . | . . . Part Schematics Acquired . | . . . Parts Damaged . | . . . Bothacking | -11 -10 -10 ------------ Run | Yrd Mat Sub Used RIF Installer . | . . . Robots Hacked . | . . . Non-combat . | . . . Combat . | . . . Robot Hacks Applied . | . . . Relay Couplers Released . | . . . Fabnet Peak Effective % . | . . . Robots Rewired . | . . . Allies Hacked . | . . . Hacks Repelled . | . . . Allies | -11 -10 -10 -------- Run | Yrd Mat Sub Total Allies . | . . . Largest Group . | . . . Highest-Rated Group . | . . . Highest-Rated Ally . | . . . Total Orders . | . . . Ally Attacks . | . . . Total Damage . | . . . Kills . | . . . Allies Corrupted . | . . . Allies Melted . | . . . Intel | -11 -10 -10 ------- Run | Yrd Mat Sub Active Infowar (turns) 1090 | 103 930 57 Optics 780 | . 780 . Structural 57 | . . 57 Seismic 253 | 103 150 . Robot Analysis Total 1 | . 1 . Derelict Logs Recovered 1 | . . 1 Drone Launches . | . . . Drone Recoveries . | . . . Exploration | -11 -10 -10 ------------- Run | Yrd Mat Sub Turns Passed 2601 | 214 1848 539 Spaces Moved 1508 | 105 1040 363 Core 115 | 6 . 109 Treads 1040 | 99 687 254 Legs 353 | . 353 . Wheels . | . . . Hover . | . . . Flight . | . . . Fastest Speed 50 | 50 120 50 Average Speed 142 | 153 146 127 Slowest Speed 160 | 160 160 160 Overloaded Moves . | . . . Propulsion Burnouts . | . . . Robots Hopped . | . . . Potential Cave-ins . | . . . Cave-ins Triggered . | . . . Exploration Rate (%) 45 | 6 99 32 Regions Visited 2 Branch Regions 1 Pre-discovered Areas 1 | . . 1 Known Exits Taken 1 | . 1 . Unknown Exits Taken 1 | 1 . . Scrap Searched 2 | . . 2 Spaces Dug 8 | . 4 4 Terrain Destroyed 8 | . 4 4 Melee 4 | . . 4 Projectile 4 | . 4 . AOE . | . . . Terrain Rammed . | . . . Walls Destroyed . | . . . Machines Disabled . | . . . Actions | -11 -10 -10 --------- Run | Yrd Mat Sub Total 1819 | 132 1279 408 Wait 144 | . 136 8 Move 1506 | 104 1039 363 Hop . | . . . Pick Up 20 | 4 13 3 Fast Attach 15 | 7 5 3 Attach 3 | . 2 1 Detach . | . . . Swap 22 | . 16 6 Drop 26 | . 18 8 Fire 74 | 17 45 12 Melee 4 | . . 4 Ram . | . . . Kick 2 | . 2 . Crush 3 | . 3 . Escape Stasis . | . . . Rewire . | . . . Trap . | . . . Miscellaneous . | . . . Route ------- -11/Scrapyard -10/Materials (discovered 6 exits: *Mat x3 / *Min x2 / *Sub) -10/Subcaves History --------- Turn | Location | Event 4 | -11/Scrapyard | Discovered new exit (range 14) 215 | -11/Scrapyard | Entered Materials 314 | -10/Materials | Build established: Mutant 563 | -10/Materials | Discovered new exit (range 15) 658 | -10/Materials | Discovered new exit (range 5) 1142 | -10/Materials | Discovered new exit (range 14) 1142 | -10/Materials | Discovered new exit (range 6) 1351 | -10/Materials | Identified exit to Mines 1440 | -10/Materials | Discovered new exit (range 5) 1447 | -10/Materials | Identified exit to Materials 1615 | -10/Materials | Discovered new exit (range 6) 1619 | -10/Materials | Identified exit to Subcaves 2063 | -10/Materials | Entered Subcaves 2064 | -10/Subcaves | Shifting Twisted Machinery released Sub. Laser 2064 | -10/Subcaves | Shifting Twisted Machinery released Scrap Shield 2064 | -10/Subcaves | Approached by a straggling Scientist 2078 | -10/Subcaves | Learned location of Mines (-9) 2146 | -10/Subcaves | Shifting Twisted Machinery released Battle Rifle 2194 | -10/Subcaves | Shifting Twisted Machinery released Humpback 2319 | -10/Subcaves | Core integrity fell below 50% 2493 | -10/Subcaves | A Subdweller sparked back to life 2493 | -10/Subcaves | A Subdweller sparked back to life 2493 | -10/Subcaves | A Subdweller sparked back to life 2547 | -10/Subcaves | Core integrity fell below 20% 2578 | -10/Subcaves | Lost 5 parts (1p1n1u2w) 2599 | -10/Subcaves | Ambushed by Subdwellers from Twisted Machinery 2602 | -10/Subcaves | Destroyed by UI-137(R) with Subdweller Machine Gun Last Messages --------------- 02438_ Acquired 45 matter. 02441_ Acquired Battle Rifle. 5G-DCY(c): "We're getting close, I can feel it." 02493_ 8J-R5G(R) creaks and sparks as it begins to move. 02493_ YO-ILK(R) creaks and sparks as it begins to move. 02493_ KM-7C5(R) creaks and sparks as it begins to move. 02527_ Lgt. Armor Plating destroyed. 02529_ Sub. Laser destroyed. 02543_ Lgt. Treads destroyed. 02545_ Dropped Lgt. Treads. 02545_ Sub. Power Source destroyed. 02547_ Mak. Sword destroyed. 02548_ Dropped Sml. Storage Unit. 02599_ E0-16I(R) emerges from the Twisted Machinery. 02600_ Subatomizers dissect the Sub. Power Source. Map ----- +----------------------------------------------------+ | ?????????????????????????????????????????????????? | | ?????????????????????????????????????????????????? | | ?????????????????????????????????????????????????? | | ?????????????????????????????????????????????????? | | ?????????????????????????????????????????????????? | | ?????????????????????????????????????????????????? | | ?????????????????????????????????????????????????? | | ?????????????????????????????????????????????????? | | ?????????????????????????????????????????????????? | | ?????????????????????????????????????????????????? | | ?????????????????????????????????????????????????? | | ?????????????????????????????????????????????????? | | ?????????????????????????????????????????????????? | | ?????????????????????######??????????????????????? | | ?????????????????????"## ###?????????????????????? | | ?????????????????????" "" ####???????????????????? | | ???????????????????#"" "" #########?????????????? | | ???????????????????## "" ###########??????????? | | ???????????????????## R"" ## # ## ??????????? | | ???????????????????## """"" ??????????? | | ???????????????????### " %""" =%??????????? | | ????????????????????## " " "" ##????????????????? | | ????????????????????## """" ""##????????????????? | | ????????????????????### R "##????????????????? | | ????????????????????#### ## ####????????????????? | | ?????????????????????### @#######????????????????? | | ??????????????????????## ####??????????????????? | | ??????????????????????## ##???????????????????? | | ??????????????????????## ##???????????????????? | | ?????????????????????### ##???????????????????? | | ???????????????????##### ##???????????????????? | | ??????????????????##### ##???????????????????? | | ?????????????????#### ##???????????????????? | | ?????????????????### % ##???????????????????? | | ?????????????????## ##???????????????????? | | ????????????????? ## ## ######???????????????? | | ????????????????? ###### ######???????????????? | | ???????? ???????##### ##???????????????? | | ???????? ???? #### ##???????????????? | | ???????? ??###### ##???????????????? | | ?????????? #### ## ##???????????????? | | ??????????## ### ## ##???????????????? | | ??????###### ## ##???????????????? | | ?????####### ## ###???????????????? | | ?????### %% % ####???????????????? | | ?????## ###????????????????? | | ?????## % ##????????????????? | | ?????## ## ### %###????????????????? | | ???????????#### ####### ###????????????????? | | ????????? ######## #### %###????????????????? | +----------------------------------------------------+ Best States ------------- Heat Dissipation 25 Energy Generation 15 Energy Capacity 250 Matter Stores 300 Matter Capacity 300 Sight Range 18 Terrain Scan Density 10 Armor Coverage 150 Evasion (%) 55 Recoil Reduction 2 Item Schematics ----------------- None Robot Schematics ------------------ None Fabricated ------------ Nothing Repaired ---------- Nothing Studied --------- None Alien Tech Used ----------------- None Achievements -------------- None Challenges ------------ None Game ------ Seed DisruptorBeamCharge Manual? 0 Play Time 00:27:16 Cumulative 70.1 hours Start 2026.08.02 @ 14:09:31 End 2026.08.02 @ 18:52:36 Sessions 4 Manual Loads 0 Difficulty Rogue Special Mode None Game No. 58 Rogue 58 Adventurer 0 Explorer 0 Win Type - Total 1 Types 1/0/0/0/0/0/0/0/0/0 Lore% 12 Gallery% 31 Achievement% 24 Wizard Run 0 Options --------- Layout 1 ASCII 0 Keyboard 0 Movement Mouse Keybinds 0 Fullscreen 2 Font 24/Smallcaps Map View 50x35 Zoom Use 0% Tactical HUD 1 Map Filters NONE Filters NONE Steam 1 RUN: 186905a3-1712-46d2-887f-ffd786e4011a